 Dungeon Crawl Stone Soup version 0.27.1-1-g398f81649c (webtiles) character file.

Game seed: 15326159675191915961

38 Thatpatchoflichen the Chopper (level 3, -3/33 HPs)
             Began as a Hill Orc Monk on Sept 6, 2021.
             Slain by a gnoll (6 damage)
             ... on level 2 of the Dungeon.
             The game lasted 00:03:05 (901 turns).

Thatpatchoflichen the Chopper (Hill Orc Monk)        Turns: 901, Time: 00:03:05

Health: -3/33      AC:  5    Str: 13    XL:     3   Next: 43%
Magic:  3/3        EV: 11    Int: 10    God:
Gold:   44         SH:  0    Dex: 14    Spells: 2/2 levels left

rFire    . . .     SeeInvis .   a - +0 hand axe
rCold    . . .     Faith    .   (no shield)
rNeg     . . .     Spirit   .   e - +0 ring mail
rPois    .         Reflect  .   (no helmet)
rElec    .         Harm     .   (no cloak)
rCorr    .         Rampage  .   (no gloves)
Will     .....                  (no boots)
Stlth    +.........             (no amulet)
HPRegen  0.11/turn              (no ring)
MPRegen  0.08/turn              (no ring)

@: lethally poisoned (-3 -> -12)
A: no striking features
a: no special abilities


You were on level 2 of the Dungeon.
You visited 1 branch of the dungeon, and saw 2 of its levels.

You collected 44 gold pieces.

Inventory:

Hand Weapons
 a - a +0 hand axe (weapon)
 f - a +3 dagger
Missiles
 g - 9 poisoned darts (quivered)
Armour
 b - a +0 robe
 e - a +0 ring mail (worn)
Scrolls
 c - a scroll of magic mapping {unknown}
Potions
 d - a potion of curing {unknown}


   Skills:
 - Level 4.0 Fighting
 - Level 4.0 Axes
 + Level 2.0 Armour
 - Level 3.0 Dodging
 - Level 1.5 Stealth


You had 2 spell levels left.
You didn't know any spells.
Your spell library was empty.

Dungeon Overview and Level Annotations

Branches:
Dungeon (2/15)

Altars:


Message History

The gnoll is moderately wounded.
The gnoll hits you with a +0 whip.
You hit the gnoll.
The gnoll is moderately wounded.
The gnoll hits you but does no damage.
You barely miss the gnoll.
The gnoll is moderately wounded.
The gnoll closely misses you.
You hit the gnoll.
The gnoll is heavily wounded.
The gnoll barely misses you.
You hit the gnoll.
The gnoll is severely wounded.
The gnoll hits you with a +0 whip.
You closely miss the gnoll.
The gnoll is severely wounded.
The gnoll barely misses you.
You hit the gnoll.
You kill the gnoll!
Your Armour skill increases to level 2!
Your ring mail prevents you from hitting the gnoll.
The gnoll barely misses you.
You hit the gnoll.
The gnoll is moderately wounded.
The gnoll hits you with a +4 flail of venom!
You are lethally poisoned!
The gnoll closely misses you.
You hit the gnoll.
The gnoll is heavily wounded.
* * * LOW HITPOINT WARNING * * *
You feel very sick. The gnoll barely misses you.
The gnoll hits you from afar with a +0 spear.
* * * LOW HITPOINT WARNING * * *
* * * LOW HITPOINT WARNING * * *
You feel very sick.
* * * LOW HITPOINT WARNING * * *
You feel sick. The gnoll closely misses you.
The gnoll hits you from afar with a +0 spear.
You die...

####............
##....
#...............
#.....
#.##............
#.....
#.##'###########
##..... #.#......#
....... #.#......#
#..... #.#......#
#.....###.#......#
#.@..+......#
#g####......#
#g#####.#####
#######.#>.......#
.................#
........#........#
........#........#
........#........#
........#........#


You could see 2 gnolls.

Vanquished Creatures
  A gnoll (D:2)
  2 ball pythons (D:1)
  2 giant cockroaches (D:1)
  5 goblins (D:1)
  3 hobgoblins (D:1)
  2 jackals (D:1)
  A kobold (D:1)
  4 quokkas (D:1)
  A bat (D:1)
  3 rats (D:1)
24 creatures vanquished.

Notes
Turn   | Place    | Note
-------+----------+-------------------------------------------
     0 | D:1      | Thatpatchoflichen the Hill Orc Monk began the quest for the
                  | Orb.
     0 | D:1      | Reached XP level 1. HP: 19/19 MP: 1/1
   117 | D:1      | Reached XP level 2. HP: 20/27 MP: 2/2
   329 | D:1      | Reached skill level 1 in Armour
   641 | D:1      | Reached XP level 3. HP: 30/33 MP: 3/3
   735 | D:1      | You fall into a shaft and drop 1 floor!
   901 | D:2      | Slain by a gnoll

Illustrated notes

Levels and vault maps discovered:
D:1:      dpeg_arrival_leaves_temple_mockup, layout_rooms,
          hellmonk_ecumenical_altar_leap_of_faith
D:2:      layout_basic, roderic_lattice_a, grunt_ministairs_3

Skill      XL: |  1  2  3 |
---------------+----------+-----
Armour         | 1 2 |  2.0
Fighting       | 4 |  4.0
Dodging        | 3 |  3.0
Axes           | |  4.0
Stealth        | |  1.5

Action                   || total
-------------------------++-------
Melee: Hand axe          ||   102
Armor: Ring mail         ||    41
Dodge: Dodged            ||    93
